 Dungeon Sprint DCSS version bcrawl-1.20.1-3-gdcb1fc31ed (webtiles) character file.

Game seed: 565671765917571704

73 Freyura the Shield-Bearer (level 4, 38/38 HPs)
             Began as a Formicid Fighter on Jan 28, 2020.
             Got out of the dungeon alive.
             The game lasted 00:01:22 (459 turns).

Freyura the Shield-Bearer (Formicid Fighter)         Turns: 459, Time: 00:01:23

Health: 38/38      AC:  7    Str: 21    XL:     4   Next: 51%
Magic:  4/4        EV:  9    Int:  7    God:
Gold:   0          SH: 10    Dex: 11    Spells: 3/3 levels left

rFire    . . .     SeeInvis +   a - +0 flail
rCold    . . .     Gourm    .   c - +0 shield
rNeg     . . .     Faith    .   b - +0 scale mail
rPois    .         Spirit   .   (helmet unavailable)
rElec    .         Reflect  .   (no cloak)
rCorr    .         Harm     .   (no gloves)
MR       .....                  (no boots)
Stlth    ..........             (no amulet)
HPRegen  0.12/turn              (no ring)
MPRegen  0.09/turn              (no ring)

@: no status effects
A: permanent stasis, dig shafts and tunnels, four strong arms, antennae 3
a: Dig


You escaped.
You were not hungry.

You visited 1 branch

Inventory:

Hand Weapons
 a - a +0 flail (weapon)
Armour
 b - a +0 scale mail (worn)
 c - a +0 shield (worn)
Wands
 o - a wand of iceblast (10)
Scrolls
 k - 2 scrolls of blinking
 m - 3 scrolls of remove curse
 n - 2 scrolls of amnesia
Potions
 d - a potion of might
 f - 5 potions of curing
 g - 3 potions of heal wounds
 h - a potion of haste
 i - 4 potions of magic
 j - a potion of berserk rage
 l - a potion of invisibility
Comestibles
 e - a ration {!d}


   Skills:
 + Level 4.8 Fighting
 * Level 5.0 Maces & Flails
 + Level 4.7 Armour
 + Level 2.7 Dodging
 + Level 5.2 Shields


You had 3 spell levels left.
You didn't know any spells.
Your spell library was empty.

Dungeon Overview and Level Annotations

Branches:
Dungeon (1/1)

Altars:
Cheibriados
Dithmenos
Elyvilon
Fedhas
Gozag
Hepliaklqana
Kikubaaqudgha
Lugonu
Makhleb
Nemelex Xobeh
Okawaru
Qazlal
Ru
Sif Muna
Trog
Uskayaw
Vehumet
Wu Jian
Xom
Yredelemnul
Zin
The Shining One
Beogh
Jiyva


Innate Abilities, Weirdness & Mutations

You cannot be hasted, slowed, berserked, paralysed or teleported.
You can dig through walls and to a lower floor.
Your four strong arms can wield two-handed weapons with a shield.
You have a pair of large antennae on your head. (SInv)


Message History

There is a hazy altar of Hepliaklqana here.
There is an opulent altar of Gozag here.
There is a blossoming altar of Fedhas here.
There is a white marble altar of Elyvilon here.
There is a shadowy altar of Dithmenos here.
There is a snail-covered altar of Cheibriados here.
There is a roughly hewn altar of Beogh here.
There is an open door to the Temple here.
There is an open door, spattered with blood here.
Things that are here:
an adder skeleton x2
There is an open door to the Dungeon, spattered with blood here.
Things that are here:
a +0 club; a +0 dagger
There is a staircase leading out of the dungeon here.
Are you sure you want to leave the Dungeon?
This will make you lose the game!
Alright, then stay!
Unknown command.
Are you sure you want to leave the Dungeon?
This will make you lose the game!
You have escaped!

▓▓▓
▓@▓
▓.▓
▓.▓
▓.▓
▓)▓
▓.▓
▓.▓
▓.▓
▓.▓


There were no monsters in sight!

Vanquished Creatures
  2 worker ants (D)
  2 adders (D)
  A bat skeleton (D)
  A hobgoblin (D)
  A jackal (D)
  2 goblins (D)
  A rat (D)
10 creatures vanquished.

Notes
Turn   | Place    | Note
-------+----------+-------------------------------------------
     0 | D        | Freyura the Formicid Fighter began the quest for the Orb.
     0 | D        | Reached XP level 1. HP: 18/18 MP: 1/1
    20 | D        | Reached skill level 1 in Dodging
   131 | D        | Noticed a worker ant
   131 | D        | Noticed a worker ant
   134 | D        | Killed a worker ant
   134 | D        | Reached XP level 2. HP: 24/25 MP: 2/2
   134 | D        | Reached XP level 3. HP: 29/30 MP: 3/3
   153 | D        | Reached skill level 5 in Maces & Flails
   153 | D        | Reached skill level 5 in Shields
   153 | D        | Reached XP level 4. HP: 16/38 MP: 4/4
   378 | D        | Found a roughly hewn altar of Beogh.
   378 | D        | Found a snail-covered altar of Cheibriados.
   378 | D        | Found a shadowy altar of Dithmenos.
   378 | D        | Found a white marble altar of Elyvilon.
   378 | D        | Found a blossoming altar of Fedhas.
   378 | D        | Found an opulent altar of Gozag.
   379 | D        | Found a hazy altar of Hepliaklqana.
   380 | D        | Found a viscous altar of Jiyva.
   381 | D        | Found an ancient bone altar of Kikubaaqudgha.
   382 | D        | Found a corrupted altar of Lugonu.
   383 | D        | Found a burning altar of Makhleb.
   384 | D        | Found a sparkling altar of Nemelex Xobeh.
   385 | D        | Found an iron altar of Okawaru.
   386 | D        | Found a stormy altar of Qazlal.
   387 | D        | Found a sacrificial altar of Ru.
   388 | D        | Found a shimmering blue altar of Sif Muna.
   389 | D        | Found a bloodstained altar of Trog.
   390 | D        | Found a hide-covered altar of Uskayaw.
   391 | D        | Found a radiant altar of Vehumet.
   392 | D        | Found an ornate altar of the Wu Jian Council.
   393 | D        | Found a shimmering altar of Xom.
   394 | D        | Found a basalt altar of Yredelemnul.
   395 | D        | Found a glowing silver altar of Zin.
   396 | D        | Found a glowing golden altar of the Shining One.
   459 | D        | Got out of the dungeon alive.

Skill      XL: |  1  2  3 |
---------------+----------+-----
Dodging        | 1 2 |  2.7
Shields        | 4 5 |  5.2
Fighting       | 4 |  4.8
Maces & Flails | 3 5 |  5.0
Armour         | 4 |  4.7

Action                   |  1- 3 |  4- 6 || total
-------------------------+-------+-------++-------
Melee: Flail             |    47 |     3 ||    50
Armor: Scale mail        |    13 |     1 ||    14
Dodge: Dodged            |    12 |     3 ||    15
Block: Shield            |    25 |     5 ||    30
